 Dungeon Crawl Stone Soup version 0.31.0-1-g2c135a008e (webtiles) character file.

Game seed: 665845224811157393

536 qw the Shooter (level 7, -9/52 HPs)
             Began as a Djinni Hunter on Jan 24, 2024.
             Mangled by a gnoll
             ... wielding a +2 flail of protection
             ... led by a gnoll bouda
              (11 damage)
             ... on level 4 of the Dungeon.
             The game lasted 00:00:12 (3228 turns).

qw the Shooter (Djinni Hunter)                      Turns: 3228, Time: 00:00:13

Health: -9/52      AC:  5    Str: 10    XL:     7   Next: 50%
Gold:   189        EV: 11    Int: 10    God:
                   SH:  0    Dex: 19

rFire   + + +        a - +1 shortbow
rCold   x . .        (shield currently unavailable)
rNeg    . . .        i - +0 ring mail
rPois   inf          (no helmet)
rElec   .            (no cloak)
rCorr   .            (no gloves)
SInv    .            (boots unavailable)
Will    .....        (no amulet)
Stlth   +            f - ring of protection from fire
HPRegen 0.28/turn    (no ring)
MPRegen 0.00/turn

%: infuse magic (-10 HP)
@: about to teleport, weakened, flying
A: sickness immunity, fire resistance 2, cold vulnerability 1, float, innate
caster, HP casting, extra vitality 1
a: no special abilities


You were on level 4 of the Dungeon.
You visited 1 branch of the dungeon, and saw 4 of its levels.

You collected 189 gold pieces.


Innate Abilities, Weirdness & Mutations

You are immune to sickness and miasma.
You are immune to poison.
Your flesh is very heat resistant. (rF++)
You are vulnerable to cold. (rC-)
You float through the air rather than walking.
You learn spells naturally, not from books.
Your magical power is your life essence.
You have superior vitality. (+4 MHP)


   Skills:
 - Level 4.0 Fighting
 + Level 5.2 Ranged Weapons
 - Level 3.6 Armour
 - Level 3.1 Dodging
 - Level 0.7 Stealth


You knew the following spells:

 Your Spells              Type           Power      Damage    Failure   Level
a - Slow                  Hex            0%         N/A       67%         1
b - Mercury Vapours       Alch/Air       0%         N/A       80%         2
c - Frozen Ramparts       Ice            0%         1d1       95%         3
Your spell library was empty.

Inventory:

Hand Weapons
 a - a +1 shortbow (weapon)
Armour
 i - a +0 ring mail (worn)
Jewellery
 f - a ring of protection from fire (left hand)
Potions
 e - a potion of cancellation
 h - a potion of might
 j - a potion of berserk rage {unknown}

Dungeon Overview and Level Annotations

Branches:
Dungeon (4/15)
 Temple: D:4-7

Altars:


Message History

The gnoll barely misses you.
The gnoll bouda barks out a call to the hunt!
The gnolls pick up the pace!
The gnoll misses you.
You shoot an arrow. The arrow closely misses the gnoll.
The gnoll barely misses you. The gnoll closely misses you.
The gnoll barely misses you.
The gnoll hits you with a +2 flail of protection.
You shoot an arrow.
The arrow hits the gnoll but does no damage.
The gnoll is almost dead.
The gnoll misses you.
The gnoll hits you with a +2 flail of protection.
You shoot an arrow.
The arrow hits the gnoll but does no damage.
The gnoll is almost dead.
The gnoll hits you with a +2 flail of protection.
You shoot an arrow.
The arrow hits the gnoll but does no damage.
The gnoll is almost dead.
The gnoll hits you with a +2 flail of protection.
The gnoll misses you. The gnoll closely misses you.
You shoot an arrow. The arrow barely misses the gnoll.
The gnoll misses you. The gnoll bouda closely misses you.
The gnoll closely misses you.
You shoot an arrow.
The arrow hits the gnoll but does no damage.
The gnoll is almost dead.
The gnoll hits you from afar with a +0 halberd!
The gnoll hits you with a +2 flail of protection!
The gnoll bouda hits you with a +0 whip!
The gnoll barely misses you.
3228 ||| READING scroll of teleportation.
As you read the scroll of teleportation, it crumbles to dust.
You feel strangely unstable.
The gnoll bouda gazes fiercely through you!
You feel your attacks grow feeble.
The gnoll bouda hits you with a +0 whip.
The gnoll hits you with a +2 flail of protection!
You die...

.. .... .# #..# .
.... #.#..# ..
#.#.?####.# ..g..
...# #gg# #..# #
#.@# #..## #..###..#
#...##
#.......###....###.
##.####.............
..[......###....###
##.####.## #...##
#.####..##
#.####.....).#
#......####..#


You could see a gnoll bouda and 2 gnolls.

Vanquished Creatures
  Sigmund (D:3)
  A scorpion (D:4)
  A jelly (D:3)
  2 orc priests (D:4)
  Jessica (D:3)
  An orc wizard (D:4)
  5 gnolls
  4 adders (D:2)
  4 dart slugs
  8 orcs
  5 endoplasms
  2 giant cockroaches
  7 goblins
  7 hobgoblins
  7 jackals
  4 quokkas
  6 ball pythons
  3 bats
  2 frilled lizards
  6 kobolds
  7 rats
84 creatures vanquished.

Notes
Turn   | Place    | Note
-------+----------+-------------------------------------------
     0 | D:1      | qw the Djinni Hunter began the quest for the Orb.
     0 | D:1      | Reached XP level 1. HP: 18/18 MP: 0/0
     0 | D:1      | 0 ||| qw: Version: 0.3-a-136-gdd3b4e8
     0 | D:1      | 0 ||| qw: Game counter: 1219
     0 | D:1      | 0 ||| qw: Melee chars always use a shield: true
     0 | D:1      | 0 ||| qw: God list: Okawaru
     0 | D:1      | 0 ||| qw: Allow faded altars: false
     0 | D:1      | 0 ||| qw: Do Orc after clearing Dungeon:15 true
     0 | D:1      | 0 ||| qw: Do second Lair branch before Depths: true
     0 | D:1      | 0 ||| qw: Lair rune preference: random
     0 | D:1      | 0 ||| qw: Goals: Normal
     0 | D:1      | 0 ||| PLANNING D:1-11
    81 | D:1      | Reached XP level 2. HP: 23/23 MP: 0/0
   302 | D:1      | Found a faded altar of an unknown god.
   384 | D:1      | Reached skill level 4 in Ranged Weapons
   384 | D:1      | Reached XP level 3. HP: 28/28 MP: 0/0
   384 | D:1      | Learned a level 1 spell: Slow
   838 | D:1      | 838 ||| READING scroll labelled SUHAH KINU.
   839 | D:1      | 839 ||| READING scroll labelled RAEP SUM JOA.
   940 | D:1      | 940 ||| READING scroll labelled HAOD UROLEV.
   941 | D:1      | 941 ||| READING scroll labelled YHIRIU RUWIU.
   945 | D:1      | 945 ||| DROPPING scroll of butterflies.
  1137 | D:2      | Reached skill level 3 in Fighting
  1137 | D:2      | Reached XP level 4. HP: 34/35 MP: 0/0
  1163 | D:2      | 1163 ||| RETREEEEATING.
  1174 | D:2      | HP: 8/35 [gnoll/+0 club (6)]
  1176 | D:2      | Reached skill level 3 in Dodging
  1198 | D:2      | 1198 ||| FLEEEEING.
  1199 | D:2      | 1199 ||| FLEEEEING.
  1200 | D:2      | 1200 ||| FLEEEEING.
  1217 | D:2      | HP: 8/35 [adder (2)]
  1555 | D:2      | Reached XP level 5. HP: 40/40 MP: 0/0
  1555 | D:2      | Learned a level 2 spell: Mercury Vapours
  1943 | D:2      | 1943 ||| UPGRADING to +0 ring mail.
  1953 | D:2      | 1953 ||| DROPPING +0 leather armour.
  1954 | D:2      | 1954 ||| UPGRADING to ring of protection from fire.
  1955 | D:2      | 1955 ||| READING scroll labelled BUGEM RERREGA.
  1955 | D:2      | 1955 ||| ENCHANTING +0 shortbow.
  1956 | D:2      | 1956 ||| READING 3 scrolls labelled TYW RAPNIEXUJIOCW.
  1956 | D:2      | 1956 ||| IDENTIFYING cyan potion
  1957 | D:2      | 1957 ||| READING 2 scrolls of identify.
  1957 | D:2      | 1957 ||| IDENTIFYING amethyst potion
  1958 | D:2      | 1958 ||| READING scroll of identify.
  1958 | D:2      | 1958 ||| IDENTIFYING lumpy amethyst potion
  1959 | D:2      | 1959 ||| DROPPING potion of degeneration.
  2008 | D:3      | Noticed Sigmund
  2010 | D:3      | 2010 ||| DRINKING potion of curing.
  2010 | D:3      | 2010 ||| (to cure confusion)
  2018 | D:3      | Killed Sigmund
  2019 | D:3      | Reached skill level 3 in Armour
  2019 | D:3      | Reached XP level 6. HP: 30/46 MP: 0/0
  2059 | D:3      | 2059 ||| FLEEEEING.
  2060 | D:3      | 2060 ||| FLEEEEING.
  2061 | D:3      | 2061 ||| FLEEEEING.
  2202 | D:3      | Noticed Jessica
  2208 | D:3      | Killed Jessica
  2755 | D:3      | 2755 ||| READING scroll of identify.
  2755 | D:3      | 2755 ||| IDENTIFYING fuming grey potion
  2756 | D:3      | 2756 ||| DRINKING 2 fuming sapphire potions.
  2757 | D:3      | 2757 ||| DRINKING 2 gluggy blue potions.
  2758 | D:3      | 2758 ||| DROPPING potion of lignification.
  2759 | D:3      | 2759 ||| DROPPING potion of magic.
  2799 | D:4      | Reached skill level 5 in Ranged Weapons
  2799 | D:4      | Reached XP level 7. HP: 42/50 MP: 0/0
  2799 | D:4      | Learned a level 3 spell: Frozen Ramparts
  2851 | D:4      | 2851 ||| DRINKING potion of curing.
  2851 | D:4      | 2851 ||| (to cure confusion)
  3131 | D:4      | 3131 ||| FLEEEEING.
  3132 | D:4      | 3132 ||| FLEEEEING.
  3133 | D:4      | 3133 ||| FLEEEEING.
  3134 | D:4      | 3134 ||| FLEEEEING.
  3135 | D:4      | 3135 ||| FLEEEEING.
  3136 | D:4      | 3136 ||| FLEEEEING.
  3137 | D:4      | 3137 ||| FLEEEEING.
  3138 | D:4      | 3138 ||| FLEEEEING.
  3139 | D:4      | 3139 ||| FLEEEEING.
  3140 | D:4      | 3140 ||| FLEEEEING.
  3141 | D:4      | 3141 ||| FLEEEEING.
  3142 | D:4      | 3142 ||| FLEEEEING.
  3227 | D:4      | HP: 8/52 [gnoll bouda/+0 whip (7)]
  3228 | D:4      | 3228 ||| READING scroll of teleportation.
  3228 | D:4      | HP: 2/52 [gnoll bouda/+0 whip (6)]
  3228 | D:4      | Mangled by a gnoll

Levels and vault maps discovered:
D:1:      tarquinn_simple_flora_water_b, layout_rooms,
          ebering_ecumenical_altar_abandoned, serial_co_window_serial,
          co_window_paths_a, co_window_corner_a, co_window_cross_1,
          co_window_corner_a, co_window_corner_a, co_window_broadway_c,
          co_window_broadway_c, co_window_corner_b, co_window_unsneaky_path_a,
          co_window_corner_b, co_window_corner_b, glass_columns_b,
          glass_columns_a, glass_columns_a, glass_columns_a
D:2:      layout_loops_corners
D:3:      layout_loops_ring, uniq_jessica, uniq_sigmund
D:4:      cheibrodos_barr_body, layout_loops_ring, st_stairs_12,
          nrook_mini_vaults, dreamdust_princess_corridor

Skill      XL: |  1  2  3  4  5  6  7 |
---------------+----------------------+-----
Ranged Weapons | 4 5 |  5.2
Fighting       | 3 4 |  4.0
Dodging        | 3 |  3.1
Armour         | 3 |  3.6
Stealth        | |  0.7

Action                     |  1- 3 |  4- 6 |  7- 9 || total
---------------------------+-------+-------+-------++-------
   Fire: Shortbow          |    75 |   138 |    82 ||   295
    Use: Scroll            |     4 |     5 |     1 ||    10
         Potion            |       |     3 |     1 ||     4
 Armour: Leather armour    |    19 |    23 |       ||    42
         Ring mail         |       |    21 |    49 ||    70
  Dodge: Dodged            |    22 |    33 |    30 ||    85

Table legend:
 A = Non-vault XP
 B = Vault XP
 C = Vault XP percentage of total XP
 D = Non-vault monster count
 E = Vault monster count
 F = Vault count percentage of total count
                 A         B        C        D         E       F
            +---------+---------+-------+---------+---------+-------
      Total |     504 |     263 |  34.3 |      82 |       2 |   2.4
            +---------+---------+-------+---------+---------+-------
        D:1 |      31 |       0 |   0.0 |      17 |       0 |   0.0
        D:2 |     142 |       0 |   0.0 |      30 |       0 |   0.0
        D:3 |      78 |     263 |  77.1 |      21 |       2 |   8.7
        D:4 |     253 |       0 |   0.0 |      14 |       0 |   0.0
            +---------+---------+-------+---------+---------+-------
